 Dungeon Crawl Stone Soup version 0.30-a0-691-g754fce4c43 (webtiles) character file.

Game seed: 12747438058777864214

5 Newt the Shooter (level 1, -16/12 HPs)
             Began as a Kobold Hunter on Jan 19, 2023.
             Engulfed by a cloud of flame (28 damage)
             ... on level 1 of the Dungeon.
             The game lasted 00:00:22 (302 turns).

Newt the Shooter (Kobold Hunter)                     Turns: 302, Time: 00:00:23

Health: -16/12     AC:  3    Str:  8    XL:     1   Next: 88%
Magic:  1/1        EV: 14    Int: 10    God:
Gold:   7          SH:  0    Dex: 18    Spells: 0/0 levels left

rFire   . . .      SeeInvis .    a - +0 shortbow
rCold   . . .      Faith    .    (shield currently unavailable)
rNeg    . . .      Spirit   .    c - +0 leather armour
rPois   .          Reflect  .    (no helmet)
rElec   .          Harm     .    (no cloak)
rCorr   .          Rampage  .    (no gloves)
Will    .....                    (no boots)
Stlth   +++                      (no amulet)
HPRegen 0.22/turn                (no ring)
MPRegen 0.07/turn                (no ring)

@: no status effects
A: small, no large weapons, nightstalker 3
a: no special abilities


You were on level 1 of the Dungeon.
You visited 1 branch of the dungeon, and saw 1 of its levels.

You collected 7 gold pieces.

Inventory:

Hand Weapons
 a - a +0 shortbow (weapon)
Armour
 c - a +0 leather armour (worn)
Scrolls
 b - a scroll of immolation
 d - a scroll of identify {unknown}
 g - a scroll of teleportation {unknown}
Potions
 e - a potion of lignification {unknown}
 f - a potion of curing {unknown}


   Skills:
 - Level 2.1 Fighting
 - Level 5.3 Ranged Weapons
 - Level 2.4 Dodging
 + Level 2.6 Stealth


You couldn't memorise any spells.
You didn't know any spells.
Your spell library was empty.

Dungeon Overview and Level Annotations

Branches:
Dungeon (1/15)

Altars:


Innate Abilities, Weirdness & Mutations

You are small and have problems with some larger weapons.
You are completely attuned to the shadows.


Message History

No target in view!
No target in view!
No target in view!
No target in view!
No target in view!
No target in view!
No target in view!
No target in view!
No target in view!
No target in view!
You see here a +0 dagger.
You see here a frilled lizard corpse.
You see here 7 stones.
You see here 7 stones.
A hobgoblin comes into view.
A hobgoblin is nearby!
A hobgoblin is nearby!
A hobgoblin is nearby!
You shoot an arrow. The arrow hits the hobgoblin!
You kill the hobgoblin!
No target in view!
Found a stone staircase leading down.
A kobold comes into view. It is wielding a +0 dagger.
There is a stone staircase leading down here.
You shoot an arrow. The arrow hits the kobold.
You kill the kobold!
No target in view!
No target in view!
No target in view!
You now have 7 gold pieces.
Found an escape hatch in the floor.
There is an escape hatch in the floor here.
No target in view!
No target in view!
No target in view!
Found a sling.
Really walk into a travel-excluded area?
Found 4 gold pieces.
You are engulfed in blazing flames.
Ouch! That really hurt!
You die...

#.....#
#####.#####
.§§.#.#
§○§...#
...$.....#.#
#..)######.#
#§§.# #.#
#☼§§# #.#
#@.§# #.#
#...######.#
##.........#
###########


There were no monsters in sight!

Vanquished Creatures
  A giant cockroach (D:1)
  A hobgoblin (D:1)
  A kobold (D:1)
  A frilled lizard (D:1)
  A rat (D:1)
5 creatures vanquished.

Notes
Turn   | Place    | Note
-------+----------+-------------------------------------------
     0 | D:1      | Newt the Kobold Hunter began the quest for the Orb.
     0 | D:1      | Reached XP level 1. HP: 12/12 MP: 1/1
   302 | D:1      | Engulfed by a cloud of flame

Illustrated notes

Levels and vault maps discovered:
D:1:      dpeg_arrival_boxorama, layout_basic, lemuel_flame_loot_1

Skill      XL: |  1 |
---------------+----+-----
Stealth        | 2 |  2.6
Fighting       | |  2.1
Ranged Weapons | |  5.3
Dodging        | |  2.4

Action                   || total
-------------------------++-------
 Fire: Shortbow          ||     9

Table legend: (Time is in decaauts)
 A = Elapsed time spent in this place.
 B = Non-inter-level travel time spent in this place.
 C = Inter-level travel time spent in this place.
 D = Time resting spent in this place.
 E = Time spent auto-exploring this place.
 F = Levels seen in this place.
 G = Mean time per level.
                   A        B        C        D        E       F      G
               +--------+--------+--------+--------+--------+-----+--------+
         Total |    304 |    304 |      0 |      0 |    275 |   1 |  304.0 |
       Dungeon |    304 |    304 |      0 |      0 |    275 |   1 |  304.0 |
               +--------+--------+--------+--------+--------+-----+--------+

Top non-repeatable levels by time:
     D:1: 304 daAuts
